AoeStats
← O grande

Arabia

505848369Analyzed
1v1 RM · 21d ago on Sep 11, 2026· 38m 22s· 2 players
Game mode
Random Map
Map size
Tiny (2 player)
Population
200
Speed
Normal
Resources
Standard
Victory
Conquest
Starting age
Dark Age
Ending age
Imperial Age
RankedLock teamsTeams togetherTeam positionsShared explorationLock speedFull tech treeHidden civsTurbo modeCheats
Victory
Defeat
🇩🇪 Wei · Germany
2080
+13
🇧🇷 Chinese · Brazil
2025
-13
O grande
0:25 Loom
9:03 Feudal Age
9:38 Double-Bit Axe
19:42 Castle Age
18:20 Bloodlines
17:57 Horse Collar
19:09 Scale Barding Armor
19:03 Stone Mining
19:04 Gold Mining
22:26 Wheelbarrow
21:49 Town Watch
22:15 Husbandry
24:00 Fletching
25:23 Guard Tower
26:24 Ballistics
29:36 Bodkin Arrow
31:13 Padded Archer Armor
32:36 Scale Mail Armor
32:38 Squires
32:23 Arson
33:52 Leather Archer Armor
34:48 Chain Mail Armor
35:52 Forging
37:09 Iron Casting
Andi
6:22 Loom
9:04 Feudal Age
9:43 Double-Bit Axe
9:39 Horse Collar
15:28 Wheelbarrow
14:51 Gold Mining
20:29 Castle Age
18:54 Fletching
20:06 Bloodlines
21:21 Bodkin Arrow
21:38 Bow Saw
22:00 Heavy Plow
25:08 Ballistics
26:07 Gold Shaft Mining
26:26 Husbandry
28:19 Stone Mining
29:54 Hand Cart
30:04 Fervor
34:42 Imperial Age
33:34 Stone Shaft Mining
33:15 Scale Barding Armor
33:20 Forging
34:11 Masonry
34:26 Chain Barding Armor
33:50 Treadmill Crane
35:46 Conscription
35:34 Bracer
37:25 Parthian Tactics
38:02 Chemistry
38:10 Iron Casting
37:35 Padded Archer Armor
37:53 Thumb Ring
Connection lost

Rejoining the realm…

Still unreachable

The connection could not be restored.

Session expired

The server has moved on; the page needs a fresh start.